 Dungeon Crawl Stone Soup version 0.21.1-1-g345015f (webtiles) character file.

24220 theElss the Basher (level 13, -1/80 HPs)
             Began as a Gargoyle Berserker on Feb 24, 2018.
             Was the Champion of Trog.
             Slain by a meliai
             ... wielding a +0 hand axe
              (4 damage)
             ... on level 3 of the Abyss.
             The game lasted 00:42:47 (12018 turns).

theElss the Basher (Gargoyle Berserker)            Turns: 12018, Time: 00:42:48

Health: -1/80      AC: 27    Str: 25    XL:     13   Next: 11%
Magic:  10/10      EV: 13    Int:  7    God:    Trog [******]
Gold:   848        SH: 15    Dex: 16    Spells: 12/12 levels left

rFire    + . .     SeeInvis .   a - +2 whip (elec)
rCold    . . .     Gourm    +   W - +2 shield
rNeg     + . .     Faith    .   r - +0 fire dragon scales
rPois    ∞         Spirit   .   p - +1 helmet
rElec    +         Reflect  .   F - scarf {repulsion}
rCorr    .         Harm     .   t - +0 pair of gloves
MR       ++...                  e - +1 pair of boots
Stlth    ..........             J - amulet of the gourmand
HPRegen  1.23/turn              Q - ring "Mushraecw" {Ice rElec Slay+4}
MPRegen  0.12/turn              x - +5 ring of dexterity

@: flying, regenerating, slowed, repel missiles, very slow
A: [low mp 2], negative energy resistance 1, electricity resistance,
unbreathing, petrification resistance, rot immunity, AC +9
a: Berserk, Trog's Hand, Brothers in Arms, Burn Spellbooks, Renounce Religion


You were on level 3 of the Abyss.
You worshipped Trog.
Trog was exalted by your worship.
You were very full.

You visited 1 branch of the dungeon, and saw 14 of its levels.
You visited the Abyss 1 time.
You also visited: Bailey.

You collected 848 gold pieces.

Inventory:

Hand Weapons
 a - a +2 whip of electrocution (weapon)
 b - a +0 hand crossbow
Missiles
 M - 72 bolts
Armour
 e - a +1 pair of boots (worn)
 p - a +1 helmet (worn)
 r - +0 fire dragon scales (worn)
 t - a +0 pair of gloves (worn)
 F - a scarf of repulsion (worn)
 T - the +1 ring mail of Luah {rElec rCorr Int-5 Dex+3}
   (You found it on level 9 of the Dungeon)

   It affects your intelligence (-5).
   It affects your dexterity (+3).
   It insulates you from electricity.
   It protects you from acid and corrosion.
 W - a +2 shield (worn)
Jewellery
 g - a +2 amulet of reflection
 k - an uncursed amulet of regeneration
 x - a +5 ring of dexterity (right hand)
 J - an amulet of the gourmand (around neck)
 N - a +2 ring of intelligence
 O - a cursed ring of protection from fire
 Q - the ring "Mushraecw" (left hand) {Ice rElec Slay+4}
   (You found it on level 6 of the Dungeon)

   [ring of ice]

   It enhances your ice magic.
   It affects your accuracy and damage with ranged weapons and melee attacks
   (+4).
   It makes you vulnerable to fire.
   It protects you from cold.
   It insulates you from electricity.
 S - an uncursed amulet of harm
 U - an uncursed amulet of magic regeneration
 V - an uncursed ring of see invisible
Wands
 y - a wand of flame (14)
 D - a wand of disintegration (6)
 E - a wand of digging (13)
 K - a wand of iceblast (12)
 R - a wand of polymorph (55)
Scrolls
 d - 4 scrolls of fog
 l - 4 scrolls of remove curse
 m - 9 scrolls of teleportation
 n - a scroll of fear
 w - 2 scrolls of enchant weapon
 G - 3 scrolls of enchant armour
 I - a scroll of brand weapon
 L - 3 scrolls of magic mapping
 P - a scroll of immolation {unknown}
Potions
 f - 3 potions of lignification
 h - 2 potions of flight
 i - 3 potions of haste {unknown}
 j - 2 potions of agility {unknown}
 q - a potion of berserk rage {unknown}
 s - 5 potions of brilliance
 u - 3 potions of might {unknown}
 v - a potion of experience {unknown}
 z - 3 potions of cancellation {unknown}
 A - 3 potions of ambrosia {unknown}
 B - 3 potions of heal wounds {unknown}
 C - 5 potions of curing
Books
 o - a book of Necromancy

   Spells                             Type                      Level
   a - Pain                           Necromancy                   1
   b - Animate Skeleton               Necromancy                   1
   c - Vampiric Draining              Necromancy                   3
   d - Regeneration                   Charms/Necromancy            3
   e - Animate Dead                   Necromancy                   4
   f - Borgnjor's Vile Clutch         Necromancy/Earth             5
   Trog disapproves of the use of such an item.
 H - a book of Clouds

   Spells                             Type                      Level
   a - Poisonous Vapours              Poison/Air                   2
   b - Mephitic Cloud                 Conjuration/Poison/Air       3
   c - Conjure Flame                  Conjuration/Fire             3
   d - Freezing Cloud                 Conjuration/Ice/Air          6
   e - Ring of Flames                 Charms/Fire                  7
   Trog disapproves of the use of such an item.
Comestibles
 c - 25 rations
 X - 3 chunks of flesh


   Skills:
 + Level 9.4 Fighting
 + Level 12.4 Maces & Flails
 * Level 6.0 Crossbows
 + Level 9.9 Armour
 + Level 5.6 Dodging
 + Level 11.2 Shields


You had 12 spell levels left.
You didn't know any spells.

Dungeon Overview and Level Annotations

Branches:
Dungeon (13/15)            Temple (0/1) D:7            Lair (0/6) D:8
    Orc (0/2) D:11         Vaults (0/5) D:13

Altars:
Elyvilon
Fedhas
Gozag
Kikubaaqudgha
Makhleb
Qazlal
Uskayaw
Wu Jian
Zin
The Shining One
Beogh

Shops:
D:6 [   D:12 *

Portals:
Trove: D:10 (give 12 potions of heal wounds)


Innate Abilities, Weirdness & Mutations

You are resistant to torment.
Your stone body is resilient. (AC +9)
You are immune to poison.
You resist negative energy. (rN+)
You are resistant to electric shocks. (rElec)
You can survive without breathing.
You are immune to petrification.
You are immune to rotting.
[Your magical capacity is very low. (-20% MP)]


Message History

The killer bee stings your ogre!
The killer bee rages.
The meliai misses you.
The meliai stings you but does no damage.
The killer bee stings your ogre.
Your ogre is poisoned.
The killer bee poisons your ogre! The meliai hits you but does no damage.
The meliai barely misses you.
Your ogre hits the killer bee with a giant spiked club!!
The killer bee dies!
Trog accepts your kill. The green very ugly thing misses you.
The meliai hits your ogre with a war axe!
The meliai stings your ogre. The killer bee stings your ogre!
Your ogre dies!
Your ogre's corpse disappears in a puff of smoke!
The wretched star pulses with an eldritch light!
You feel less energetic. x2
The meliai hits you with a hand axe.
You die...

# ### #y#.#
#u@#
#..y§*yy#
...#.yy#*y.
# ##.# #.##
.. .. ..#
#.. #.# #.#
.. ..


You could see a green very ugly thing, 2 wretched stars, a queen bee, 3 meliai
and 3 killer bees.

Vanquished Creatures
  3 ogre magi
  2 hydras
  A centaur warrior (D:13)
  The ghost of Nr616 the Severer, a novice HOBe of Trog (D:10)
  5 two-headed ogres
  An unseen horror (D:9)
  Pikel (D:4)
  An orc knight (Bailey)
  A cyclops (D:7)
  A manticore (D:12)
  Maurice (D:8)
  3 centaur zombies
  2 gargoyles
  Joseph (D:8)
  A kobold demonologist (D:9)
  3 trolls
  A hornet (D:8)
  The ghost of derrymb the Conjurer, an amateur DECj (D:4)
  A shadow (D:12)
  A human (D:7)
  6 yaks
  4 hogs (D:7)
  2 hungry ghosts
  Menkaure (D:7)
  2 acid dragons
  2 soldier ants
  Duvessa (D:7)
  12 orc warriors
  An ice beast (D:11)
  A black bear (D:6)
  5 sky beasts
  An eye of draining (D:13)
  5 phantoms
  A necrophage (D:9)
  10 centaurs
  3 ogres
  A crocodile (D:10)
  15 big kobolds
  A gnoll sergeant (D:5)
  2 wyvern zombies
  9 bullfrogs
  Dowan (D:7)
  10 scorpions
  3 killer bees (D:9)
  A vampire bat (D:7)
  4 howler monkeys
  6 crimson imps
  A bullfrog zombie (D:12)
  A centaur skeleton (D:6)
  3 hounds
  2 bullfrog skeletons
  8 orc priests
  3 jellies
  12 orc wizards
  4 iguanas
  Natasha (thrice) (D:2)
  11 worker ants
  A hound zombie (D:9)
  A hound skeleton (D:5)
  2 howler monkey zombies
  Robin (D:3)
  5 gnolls
  A howler monkey skeleton (D:6)
  15 adders
  An adder skeleton (D:4)
  A worm (D:2)
  4 leopard geckos
  36 orcs
  A ball python (D:5)
  6 bats
  2 bat skeletons (D:7)
  4 bat zombies (D:7)
  3 giant cockroaches
  20 goblins
  7 hobgoblins
  14 jackals
  21 kobolds
  3 quokkas
  2 frilled lizards (D:1)
  2 leopard gecko zombies
  A quokka zombie (D:8)
  4 rats
348 creatures vanquished.

Vanquished Creatures (collateral kills)
  A killer bee (Abyss:3)
1 creature vanquished.

Vanquished Creatures (others)
  3 slaves (D:4)
  An orc (D:4)
4 creatures vanquished.

Grand Total: 353 creatures vanquished

Notes
Turn   | Place    | Note
-------+----------+-------------------------------------------
     0 | D:1      | theElss the Gargoyle Berserker began the quest for the Orb.
     0 | D:1      | Reached XP level 1. HP: 14/14 MP: 1/1
   146 | D:1      | Reached XP level 2. HP: 17/19 MP: 2/2
  1042 | D:2      | Found an opulent altar of Gozag.
  1055 | D:2      | Noticed Natasha
  1060 | D:2      | Noticed a crimson imp
  1066 | D:2      | Killed Natasha
  1066 | D:2      | Reached XP level 3. HP: 24/24 MP: 3/3
  1190 | D:2      | Reached ** piety under Trog
  1190 | D:2      | Reached XP level 4. HP: 27/29 MP: 4/4
  1351 | D:2      | Noticed Natasha
  1357 | D:2      | Killed Natasha
  1357 | D:2      | Reached skill level 4 in Maces & Flails
  1384 | D:2      | Noticed Natasha
  1580 | D:2      | Killed Natasha
  1580 | D:2      | Reached XP level 5. HP: 33/33 MP: 5/5
  1614 | D:3      | Noticed Robin
  1723 | D:3      | Killed Robin
  2559 | D:3      | Found a glowing silver altar of Zin.
  2559 | D:3      | Found a burning altar of Makhleb.
  2560 | D:3      | Noticed a green death
  2560 | D:3      | Noticed an angel
  2657 | D:4      | Reached XP level 6. HP: 38/38 MP: 6/6
  2701 | D:4      | Noticed derrymb's ghost (amateur DECj)
  2711 | D:4      | Killed derrymb's ghost
  2711 | D:4      | Reached skill level 5 in Maces & Flails
  2711 | D:4      | Reached skill level 1 in Shields
  2774 | D:4      | Reached XP level 7. HP: 35/44 MP: 7/7
  3115 | D:4      | Noticed Pikel
  3137 | D:4      | Killed Pikel
  3137 | D:4      | Reached skill level 6 in Maces & Flails
  3137 | D:4      | Reached XP level 8. HP: 48/48 MP: 8/8
  3330 | D:4      | Reached skill level 5 in Fighting
  3811 | D:5      | Entered Level 5 of the Dungeon
  3957 | D:5      | Reached *** piety under Trog
  3957 | D:5      | Reached skill level 7 in Maces & Flails
  3957 | D:5      | Reached skill level 5 in Armour
  4201 | D:5      | Reached XP level 9. HP: 46/54 MP: 9/9
  4807 | D:6      | Found Ilepn's Armour Shop.
  4864 | D:6      | Reached skill level 5 in Shields
  4869 | D:6      | Reached skill level 8 in Maces & Flails
  5088 | D:6      | Found a white marble altar of Elyvilon.
  5397 | D:6      | Got a fine platinum ring
  5398 | D:6      | Identified the ring "Mushraecw" {Ice rElec Slay+4} (You found it on level 6 of the Dungeon)
  5510 | D:7      | Noticed a cyclops
  5517 | D:7      | Killed a cyclops
  5639 | D:7      | Found a glowing golden altar of the Shining One.
  5639 | D:7      | Noticed Menkaure
  5657 | D:7      | Killed Menkaure
  5657 | D:7      | Reached skill level 9 in Maces & Flails
  5695 | D:7      | Found a stormy altar of Qazlal.
  5721 | D:7      | Reached XP level 10. HP: 61/61 MP: 10/10
  5728 | D:7      | Reached **** piety under Trog
  5781 | D:7      | Found a staircase to the Ecumenical Temple.
  6259 | D:7      | Found an ancient bone altar of Kikubaaqudgha.
  6496 | D:7      | Noticed Dowan
  6501 | D:7      | Killed Dowan
  6502 | D:7      | Noticed Duvessa
  6509 | D:7      | Killed Duvessa
  6630 | D:8      | Reached skill level 10 in Maces & Flails
  6668 | D:8      | Found an ornate altar of the Wu Jian Council.
  6676 | D:8      | Noticed Maurice
  6703 | D:8      | Killed Maurice
  6738 | D:8      | Found a staircase to the Lair.
  6806 | D:8      | Noticed Joseph
  6825 | D:8      | Killed Joseph
  6956 | D:8      | Noticed a two-headed ogre
  6965 | D:8      | Killed a two-headed ogre
  7040 | D:8      | Found a hide-covered altar of Uskayaw.
  7041 | D:8      | Noticed a hand axe
  7041 | D:8      | Noticed a dagger
  7141 | D:8      | Found a flagged portal.
  7163 | Bailey   | Entered a bailey
  7189 | Bailey   | Noticed an orc knight
  7200 | Bailey   | Killed an orc knight
  7200 | Bailey   | Reached XP level 11. HP: 50/67 MP: 11/11
  7222 | Bailey   | Found an iron altar of Okawaru.
  7337 | D:8      | Noticed a two-headed ogre
  7345 | D:8      | Killed a two-headed ogre
  7345 | D:8      | Reached ***** piety under Trog
  7534 | D:9      | Got a distressingly furry ring mail
  7545 | D:9      | Identified the +1 ring mail of Luah {rElec rCorr Int-5 Dex+3} (You found it on level 9 of the Dungeon)
  7570 | D:9      | Reached skill level 11 in Maces & Flails
  7640 | D:9      | Reached skill level 1 in Crossbows
  8011 | D:9      | Noticed an unseen horror
  8021 | D:9      | Killed an unseen horror
  8303 | D:10     | Entered Level 10 of the Dungeon
  8753 | D:10     | Noticed a seven-headed hydra
  8759 | D:10     | Killed a seven-headed hydra
  8999 | D:10     | Noticed Nr616's ghost (novice HOBe)
  9018 | D:10     | Killed Nr616's ghost
  9018 | D:10     | Reached XP level 12. HP: 75/75 MP: 12/12
  9163 | D:10     | Found a portal to a secret trove of treasure.
  9277 | D:10     | Reached skill level 5 in Dodging
  9402 | D:11     | Found a roughly hewn altar of Beogh.
  9402 | D:11     | Found a staircase to the Orcish Mines.
  9888 | D:11     | Received a gift from Trog
  9900 | D:11     | Noticed a two-headed ogre
  9907 | D:11     | Killed a two-headed ogre
  9907 | D:11     | Reached skill level 12 in Maces & Flails
 10317 | D:12     | Found a blossoming altar of Fedhas.
 10481 | D:12     | Noticed a four-headed hydra
 10491 | D:12     | Killed a four-headed hydra
 10525 | D:12     | Reached ****** piety under Trog
 10778 | D:12     | Found Ateun's General Store.
 11087 | D:13     | Reached skill level 10 in Shields
 11116 | D:13     | Noticed a centaur warrior
 11127 | D:13     | Noticed an ogre mage
 11133 | D:13     | Noticed a two-headed ogre
 11136 | D:13     | Killed a centaur warrior
 11142 | D:13     | Killed an ogre mage
 11142 | D:13     | Reached skill level 5 in Crossbows
 11291 | D:13     | Killed a two-headed ogre
 11291 | D:13     | Received a gift from Trog
 11308 | D:13     | Noticed a two-headed ogre
 11320 | D:13     | Killed a two-headed ogre
 11827 | D:13     | Reached XP level 13. HP: 78/80 MP: 13/13
 11846 | D:13     | Found a gate to the Vaults.
 11983 | D:13     | You fall through a shaft!
 11983 | D:14     | Noticed an ogre mage
 11984 | D:14     | Noticed an ogre mage
 11993 | D:14     | Paralysed by a wizard for 4 turns
 12003 | D:14     | Killed an ogre mage
 12008 | D:14     | Killed an ogre mage
 12013 | D:14     | Cast into level 3 of the Abyss (a wizard)
 12014 | Abyss:3  | Noticed a green very ugly thing
 12017 | Abyss:3  | HP: 1/80 [green very ugly thing (10)]
 12018 | Abyss:3  | Slain by a meliai

Skill      XL: |  1  2  3  4  5  6  7  8  9 10 11 12 13 |
---------------+----------------------------------------+-----
Dodging        | 2 3 4 5 |  5.6
Fighting       | 4 5 6 7 8 9 |  9.4
Maces & Flails | 4 5 6 7 9 10 11 12 | 12.4
Shields        | 2 3 4 6 8 9 10 11 | 11.2
Armour         | 3 4 5 6 8 9 |  9.9
Crossbows      | 3 5 6 |  6.0

Action                   |  1- 3 |  4- 6 |  7- 9 | 10-12 | 13-15 || total
-------------------------+-------+-------+-------+-------+-------++-------
Melee: Mace              |    88 |   135 |   271 |       |       ||   494
       Whip              |       |       |   111 |   866 |    24 ||  1001
Invok: Berserk           |     1 |     5 |     6 |     6 |       ||    18
       Trog's Hand       |       |       |       |       |     1 ||     1
       Brothers in Arms  |       |       |       |       |     1 ||     1
  Use: Scroll            |       |       |     7 |     9 |       ||    16
       Potion            |       |       |     1 |       |     1 ||     2
  Eat: Chunk             |     2 |    10 |    11 |    43 |       ||    66
       Ration            |       |       |     1 |     1 |       ||     2
Armor: Animal skin       |    44 |    38 |       |       |       ||    82
       Scale mail        |       |    30 |    65 |       |       ||    95
       Plate armour      |       |       |   185 |    13 |       ||   198
       Fire dragon scale |       |       |       |   249 |    27 ||   276
Dodge: Dodged            |    81 |    94 |   138 |   235 |    22 ||   570
       Deflected         |       |       |     1 |    23 |     1 ||    25
Block: Buckler           |       |     4 |    67 |    88 |       ||   159
       Shield            |       |       |       |   206 |    26 ||   232
